 Dungeon Sprint DCSS version 0.23.0 (webtiles) character file.

Game seed: 10454643661593497311

8400000 Fang the Conqueror (level 25, -7/234 HPs)
             Began as a Demonspawn Gladiator on Feb 11, 2019.
             Was the Champion of Makhleb.
             Killed from afar by a large bag of meat (12 damage)
             ... with an exploding inner flame
             ... in the Dungeon (Sprint VIII: "Arena of Blood").
             The game lasted 00:01:27 (84 turns).

Fang the Conqueror (Demonspawn Gladiator)             Turns: 84, Time: 00:01:28

Health: -7/234     AC:  8    Str: 25    XL:     25   Next: 24%
Magic:  54/54      EV: 42    Int: 12    God:    Makhleb [******]
Gold:   0          SH:  0    Dex: 19    Spells: 78/78 levels left

rFire    + . .     SeeInvis .   l - +∞ Axe of Woe
rCold    . . .     Gourm    .   (shield currently unavailable)
rNeg     . . .     Faith    .   b - +0 leather armour
rPois    .         Spirit   .   c - +0 helmet
rElec    .         Reflect  .   (no cloak)
rCorr    .         Harm     .   (gloves unavailable)
MR       +....     NoTele   +   (no boots)
Stlth    ++++++++++             (no amulet)
HPRegen  0.49/turn              (no ring)
MPRegen  0.34/turn              (no ring)

@: agile
A: claws 3, repulsion field 2, fire resistance 1, hurl damnation, foul stench 2,
powered by pain 3, rot immunity, flame cloud immunity
a: Hurl Damnation, Minor Destruction, Lesser Servant of Makhleb, Major
Destruction, Greater Servant of Makhleb, Renounce Religion


You were in the Dungeon.
You worshipped Makhleb.
Makhleb was exalted by your worship.
You were not hungry.

You visited 1 branch

Inventory:

Hand Weapons
 a - a +0 war axe
 l - the +∞ Axe of Woe (weapon)
   (You found it in the Dungeon)
Missiles
 d - 3 throwing nets (quivered)
Armour
 b - a +0 leather armour (worn)
 c - a +0 helmet (worn)
Jewellery
 m - a +30 ring of slaying
 n - a +30 ring of slaying
Scrolls
 k - a scroll of blinking
Potions
 e - a potion of curing
 g - a potion of heal wounds
 h - a potion of haste
 i - 2 potions of magic
 j - a potion of berserk rage
Comestibles
 f - a ration


   Skills:
 O Level 27 Fighting
 O Level 27 Axes
 O Level 27 Throwing
 O Level 27 Armour
 O Level 27 Dodging
 O Level 27 Stealth
 O Level 27 Unarmed Combat
 O Level 27 Spellcasting
 O Level 27 Invocations


You had 78 spell levels left.
You didn't know any spells.
Your spell library was empty.

Dungeon Overview and Level Annotations

Branches:
Dungeon (1/1)

Altars:
Makhleb


Innate Abilities, Weirdness & Mutations

You have claws for hands.
You are surrounded by a moderate repulsion field. (EV +3)
Your flesh is heat resistant. (rF+)
You can hurl damnation.
You frequently emit foul miasma when damaged in melee.
You are powered by pain.
You are immune to rotting.
You are immune to clouds of flame.


Message History

Items here: )) == †† Unknown command.
Unknown command.
You are too injured to fight recklessly!
You are too injured to fight recklessly!
Unknown command.
Unknown command.
You are too injured to fight recklessly!
Unknown command.
You are too injured to fight recklessly!
Unknown command.
The bag of meat shouts! x2
You hit the bag of meat.
You slaughter the bag of meat joyfully.
You kill the bag of meat!
Makhleb accepts your kill.
You slice the large bag of meat!!
You slaughter the large bag of meat joyfully.
The large bag of meat explodes!
The fiery explosion engulfs you! You resist.
You die...

......).#....)))#...
..#.....#...).).# .....
......###....)))###.....
...........###..........
...#.....))._......oo...
.#.......#)..).#V...oo.#
........#_.<)_#§§o....o
....o..#...))#§§o...#o
.#........_°).@§o.....
.........###...V...o.#
....###...o.O.###.....
.... #.......# ....
#..oo...# ... .........
.. ........... .
.........


You could see 2 destroyers, a meat berserker (berserk) and 13 bags of meat.

Vanquished Creatures
  8 ogres (D)
  47 orcs (D)
55 creatures vanquished.

Notes
Turn   | Place    | Note
-------+----------+-------------------------------------------
     0 | D        | Found the +∞ Axe of Woe
     0 | D        | Fang the Demonspawn Gladiator began the quest for the Orb.
     0 | D        | Reached XP level 1. HP: 16/16 MP: 1/1
     4 | D        | Became a worshipper of Makhleb the Destroyer
     5 | D        | Noticed a bag of meat
     6 | D        | Noticed a bag of meat
    12 | D        | Killed a bag of meat
    12 | D        | Gained mutation: You have sharp fingernails. [demonic
                  | ancestry]
    12 | D        | Reached XP level 2. HP: 43/43 MP: 2/2
    12 | D        | Gained mutation: You have very sharp fingernails. [demonic
                  | ancestry]
    12 | D        | Reached XP level 3. HP: 49/49 MP: 3/3
    12 | D        | Reached XP level 4. HP: 56/56 MP: 4/4
    12 | D        | Gained mutation: You are immune to rotting. [demonic
                  | ancestry]
    12 | D        | Reached XP level 5. HP: 62/62 MP: 5/5
    12 | D        | Gained mutation: You sometimes gain a little power by
                  | taking damage. [demonic ancestry]
    12 | D        | Reached XP level 6. HP: 69/69 MP: 6/6
    12 | D        | Gained mutation: You may emit foul miasma when damaged in
                  | melee. [demonic ancestry]
    12 | D        | Reached XP level 7. HP: 75/75 MP: 7/7
    12 | D        | Gained mutation: You sometimes gain power by taking damage.
                  | [demonic ancestry]
    12 | D        | Reached XP level 8. HP: 82/82 MP: 8/8
    12 | D        | Gained mutation: You are surrounded by a mild repulsion
                  | field. (EV +2) [demonic ancestry]
    12 | D        | Reached XP level 9. HP: 88/88 MP: 9/9
    12 | D        | Reached XP level 10. HP: 95/95 MP: 10/10
    12 | D        | Gained mutation: You are powered by pain. [demonic
                  | ancestry]
    12 | D        | Reached XP level 11. HP: 101/101 MP: 11/11
    12 | D        | Noticed a bag of meat
    13 | D        | Killed a bag of meat
    13 | D        | Reached * piety under Makhleb
    13 | D        | Reached skill level 15 in Axes
    13 | D        | Reached skill level 15 in Throwing
    13 | D        | Reached skill level 15 in Dodging
    13 | D        | Reached XP level 12. HP: 112/113 MP: 12/12
    13 | D        | Noticed a bag of meat
    13 | D        | Noticed a bag of meat
    13 | D        | Noticed a bag of meat
    14 | D        | Noticed a bag of meat
    14 | D        | Noticed a bag of meat
    14 | D        | Noticed a bag of meat
    14 | D        | Noticed a meat berserker
    15 | D        | Killed a bag of meat
    15 | D        | Reached XP level 13. HP: 122/122 MP: 13/13
    16 | D        | Noticed a bag of meat
    16 | D        | Noticed a bag of meat
    16 | D        | Noticed a meat berserker
    17 | D        | Noticed a bag of meat
    17 | D        | Noticed a bag of meat
    17 | D        | Noticed a bag of meat
    17 | D        | Noticed a bag of meat
    18 | D        | Killed a bag of meat
    18 | D        | Reached XP level 14. HP: 70/133 MP: 14/14
    18 | D        | Killed a meat berserker
    18 | D        | Reached ** piety under Makhleb
    18 | D        | Gained mutation: You are surrounded by a moderate repulsion
                  | field. (EV +3) [demonic ancestry]
    18 | D        | Reached XP level 15. HP: 144/144 MP: 15/15
    18 | D        | Noticed a meat berserker
    20 | D        | Killed a meat berserker
    20 | D        | Reached *** piety under Makhleb
    20 | D        | Gained mutation: You have claws for hands. [demonic
                  | ancestry]
    20 | D        | Reached XP level 16. HP: 159/159 MP: 16/16
    20 | D        | Gained mutation: Your flesh is heat resistant. (rF+)
                  | [demonic ancestry]
    20 | D        | Reached XP level 17. HP: 169/169 MP: 17/17
    22 | D        | Killed a meat berserker
    22 | D        | Reached **** piety under Makhleb
    22 | D        | Reached skill level 27 in Fighting
    23 | D        | Reached XP level 18. HP: 182/182 MP: 18/18
    24 | D        | Reached ***** piety under Makhleb
    24 | D        | Reached skill level 27 in Axes
    24 | D        | Reached skill level 27 in Throwing
    24 | D        | Reached skill level 27 in Dodging
    24 | D        | Reached skill level 5 in Armour
    24 | D        | Reached skill level 5 in Unarmed Combat
    24 | D        | Reached skill level 5 in Spellcasting
    24 | D        | Reached skill level 10 in Armour
    24 | D        | Reached skill level 10 in Unarmed Combat
    24 | D        | Reached skill level 10 in Spellcasting
    24 | D        | Gained mutation: You are immune to clouds of flame.
                  | [demonic ancestry]
    24 | D        | Reached XP level 19. HP: 189/189 MP: 18/33
    26 | D        | Reached skill level 15 in Stealth
    26 | D        | Reached skill level 15 in Armour
    26 | D        | Reached skill level 15 in Unarmed Combat
    26 | D        | Reached skill level 15 in Spellcasting
    28 | D        | Reached ****** piety under Makhleb
    28 | D        | Reached XP level 20. HP: 197/197 MP: 18/41
    30 | D        | Noticed a meat berserker
    32 | D        | Reached skill level 27 in Invocations
    32 | D        | Reached XP level 21. HP: 204/204 MP: 19/46
    40 | D        | Reached XP level 22. HP: 212/212 MP: 48/50
    40 | D        | Reached skill level 27 in Stealth
    43 | D        | Reached skill level 27 in Armour
    43 | D        | Reached skill level 27 in Unarmed Combat
    43 | D        | Reached skill level 27 in Spellcasting
    62 | D        | Gained mutation: You frequently emit foul miasma when
                  | damaged in melee. [demonic ancestry]
    62 | D        | Reached XP level 23. HP: 219/219 MP: 54/54
    70 | D        | Gained mutation: You can hurl damnation. [demonic ancestry]
    70 | D        | Reached XP level 24. HP: 227/227 MP: 54/54
    78 | D        | Noticed a destroyer
    80 | D        | Noticed a large bag of meat
    80 | D        | Noticed a destroyer
    81 | D        | Reached XP level 25. HP: 234/234 MP: 54/54
    83 | D        | HP: 5/234 [destroyer/+9 great sword of slicing (38)]
    84 | D        | Killed a large bag of meat
    84 | D        | Killed from afar by a large bag of meat

Skill      XL: |  1  2  3  4  5  6  7  8  9 10 11 12 13 14 15 16 17 18 19 20 21 22 |
---------------+-------------------------------------------------------------------+-----
Fighting       | 14 16 18 19 21 24 25 27 | 27.0
Axes           | 13 15 17 18 19 22 23 26 27 | 27.0
Throwing       | 13 15 16 18 19 22 23 26 27 | 27.0
Dodging        | 13 15 17 18 19 22 23 26 27 | 27.0
Armour         | 10 17 21 24 27 | 27.0
Stealth        | 11 18 22 26 27 | 27.0
Unarmed Combat | 10 17 21 24 27 | 27.0
Spellcasting   | 10 17 21 24 27 | 27.0
Invocations    | 14 22 27 | 27.0

Action                   |  1- 3 |  4- 6 |  7- 9 | 10-12 | 13-15 | 16-18 | 19-21 | 22-24 | 25-27 || total
-------------------------+-------+-------+-------+-------+-------+-------+-------+-------+-------++-------
Melee: Executioner's axe |     1 |       |       |     2 |     3 |     3 |    11 |    14 |     2 ||    36
Armor: Leather armour    |       |       |       |       |       |       |       |       |     1 ||     1
Dodge: Dodged            |       |       |       |       |     2 |       |     1 |     4 |       ||     7
